 Dungeon Crawl Stone Soup version 0.29.1-1-gd02db6906a (webtiles) character file.

Game seed: 8677750874011941986

312413 Gabide the End of an Era (level 21, 0/236 (244) HPs)
             Began as an Ogre Monk on Sept 21, 2022.
             Was the Champion of Qazlal.
             Killed from afar by a fire dragon (13 damage)
             ... with a blast of flame
             ... on level 2 of the Depths on Sept 24, 2022.
             The game lasted 03:29:05 (65761 turns).

Gabide the End of an Era (Ogre Monk)               Turns: 65761, Time: 03:29:06

HP:   0/236 (244)   AC: 22    Str: 31    XL:     21   Next: 30%
MP:   36/36         EV: 17    Int:  9    God:    Qazlal [******]
Gold: 3005          SH:  8    Dex: 15    Spells: 20/20 levels left

rFire   + . .      SeeInvis +   a - +3 giant club "Skullcrusher" {speed, Str+7}
rCold   . . .      Faith    +   (shield currently unavailable)
rNeg    + + .      Spirit   .   Y - +5 acid dragon scales
rPois   +          Reflect  .   Q - +2 hat {Will+}
rElec   .          Harm     .   o - +2 cloak
rCorr   +          Rampage  .   (gloves unavailable)
Will    +++..                   (boots unavailable)
Stlth   +.........              M - amulet of faith
HPRegen 0.49/turn               s - ring of Jeturhar {Fly rPois rN++ Str+3 Dex-4}
MPRegen 0.25/turn               B - ring "Odicergh" {rF+ SInv}

@: protected from physical damage, on berserk cooldown, flying, slowed, lightly
drained, invisible, repel missiles, very slow
A: large, unfitting armour, tough skin 1, dopey 1
}: 2/15 runes: decaying, gossamer
a: Renounce Religion, Upheaval, Elemental Force, Disaster Area


You were on level 2 of the Depths.
You worshipped Qazlal.
Qazlal was exalted by your worship.
You visited 7 branches of the dungeon, and saw 36 of its levels.
You also visited: Gauntlet and Volcano.

You collected 4284 gold pieces.
You spent 1279 gold pieces at shops.

Inventory:

Hand Weapons
 a - the +3 giant club "Skullcrusher" (weapon) {speed, Str+7}
   (You bought it in a shop on level 12 of the Dungeon)

   Attacks with this weapon are significantly faster.
   Str:       It affects your strength (+7).
Missiles
 e - 19 curare-tipped darts
 P - 7 silver javelins
 T - 38 large rocks (quivered)
 W - a throwing net
Armour
 o - a +2 cloak (worn)
 Q - a +2 hat of willpower (worn)
 R - a +2 robe of cold resistance
 Y - +5 acid dragon scales (worn)
Jewellery
 b - a ring of fire
 i - a ring of protection from fire
 q - a ring of willpower
 s - the ring of Jeturhar (left hand) {Fly rPois rN++ Str+3 Dex-4}
   (You took it off a frost giant on level 1 of the Depths)

   [ring of flight]

   Str:       It affects your strength (+3).
   Dex:       It affects your dexterity (-4).
   rPois:     It protects you from poison.
   rN:        It greatly protects you from negative energy.
   Fly:       It grants you flight.
 t - a +4 ring of slaying
 y - a ring of poison resistance
 B - the ring "Odicergh" (right hand) {rF+ SInv}
   (You found it in a Gauntlet)

   [ring of see invisible]

   rF:        It protects you from fire.
   SInv:      It lets you see invisible.
 E - a +4 ring of protection
 M - an amulet of faith (around neck)
 X - a ring of flight
 Z - a +6 ring of dexterity
Wands
 v - a wand of flame (74)
 F - a wand of quicksilver (14)
 K - a wand of mindburst (26)
 L - a wand of roots (18)
 O - a wand of digging (9)
Scrolls
 g - 2 scrolls of butterflies
 j - 4 scrolls of immolation
 k - 3 scrolls of torment
 p - 8 scrolls of teleportation
 u - a scroll of enchant armour
 x - 3 scrolls of vulnerability
 C - 5 scrolls of enchant weapon
 I - 3 scrolls of silence
 N - 2 scrolls of poison
 U - 6 scrolls of magic mapping
Potions
 c - 7 potions of ambrosia
 d - 3 potions of berserk rage
 f - 2 potions of mutation
 h - 7 potions of cancellation
 m - 6 potions of attraction
 n - 7 potions of curing
 z - 6 potions of might
 A - 7 potions of lignification
 D - 4 potions of magic
 G - a potion of invisibility
 H - 8 potions of haste
 J - 3 potions of resistance
Miscellaneous
 l - a condenser vane
 w - a box of beasts
 S - a phantom mirror
 V - a phial of floods


   Skills:
 + Level 21.8 Fighting
 + Level 16.3 Maces & Flails
 - Level 3.0 Polearms
 - Level 7.0 Throwing
 - Level 7.0 Armour
 + Level 16.3 Dodging
 - Level 1.4 Stealth
 * Level 22.9 Invocations


You had 20 spell levels left.
You didn't know any spells.
Your spell library contained the following spells:

 Spells                   Type           Power      Damage    Failure   Level
 Apportation              Tloc           0%         N/A       43%         1
 Beastly Appendage        Tmut           0%         N/A       43%         1
 Necrotise                Necr           0%         1d4       43%         1
 Slow                     Hex            0%         N/A       43%         1
 Sting                    Tmut/Pois      0%         1d3       43%         1
 Ensorcelled Hibernation  Hex/Ice        0%         N/A       56%         2
 Passwall                 Tmut/Erth      0%         N/A       56%         2
 Poisonous Vapours        Pois/Air       0%         N/A       56%         2
 Static Discharge         Conj/Air       0%         3-3/arc   56%         2
 Sublimation of Blood     Necr           0%         N/A       56%         2
 Wereblood                Tmut           0%         N/A       56%         2
 Confusing Touch          Hex            0%         N/A       80%         3
 Conjure Flame            Conj/Fire      0%         6-21      80%         3
 Dazzling Flash           Conj/Hex       0%         N/A       80%         3
 Frozen Ramparts          Ice            0%         1d1       80%         3
 Ignite Poison            Fire/Tmut/Pois 0%         N/A       80%         3
 Spider Form              Tmut/Pois      0%         N/A       80%         3
 Summon Guardian Golem    Hex/Summ       0%         N/A       80%         3
 Swiftness                Air            0%         N/A       80%         3
 Tukima's Dance           Hex            0%         N/A       80%         3
 Vampiric Draining        Necr           0%         2d6       80%         3
 Animate Dead             Necr           0%         N/A       99%         4
 Dispel Undead            Necr           0%         3d6       99%         4
 Ice Form                 Ice/Tmut       0%         N/A       99%         4
 Iskenderun's Mystic Bla  Conj/Tloc      0%         2d3       99%         4
 Olgreb's Toxic Radiance  Pois           0%         N/A       99%         4
 Passage of Golubria      Tloc           0%         N/A       99%         4
 Petrify                  Tmut/Erth      0%         N/A       99%         4
 Sticky Flame             Conj/Fire      0%         2d3       99%         4
 Summon Ice Beast         Ice/Summ       0%         N/A       99%         4
 Agony                    Necr           0%         N/A       100%        5
 Alistair's Intoxication  Tmut/Pois      0%         N/A       100%        5
 Blade Hands              Tmut           0%         N/A       100%        5
 Borgnjor's Vile Clutch   Necr/Erth      0%         N/A       100%        5
 Irradiate                Conj/Tmut      0%         3d11      100%        5
 Metabolic Englaciation   Hex/Ice        0%         N/A       100%        5
 Yara's Violent Unravell  Hex/Tmut       0%         3d3       100%        5
 Conjure Ball Lightning   Conj/Air       0%         3x3d6     100%        6
 Death Channel            Necr           0%         N/A       100%        6
 Starburst                Conj/Fire      0%         6d3       100%        6
 Statue Form              Tmut/Erth      0%         N/A       100%        6
 Dragon Form              Tmut           0%         N/A       100%        7
 Orb of Destruction       Conj           0%         9d5       100%        7
 Spellforged Servitor     Conj/Summ      0%         N/A       100%        7
 Summon Hydra             Summ           0%         N/A       100%        7
 Discord                  Hex            0%         N/A       100%        8
 Disjunction              Tloc           0%         N/A       100%        8
 Necromutation            Tmut/Necr      0%         N/A       100%        8


Dungeon Overview and Level Annotations

Branches:
Dungeon (15/15)            Temple (0/1) D:4            Lair (5/5) D:11
  Swamp (4/4) Lair:3       Spider (4/4) Lair:2        Slime (0/5) Lair:4
    Orc (2/2) D:10            Elf (0/3) Orc:2        Vaults (4/5) D:14
  Crypt (0/3) Vaults:2     Depths (2/4) D:15        Volcano (visited)
Gauntlet (visited)

Altars:
Ashenzari
Dithmenos
Fedhas
Kikubaaqudgha
Makhleb
Okawaru
Qazlal
Sif Muna
Uskayaw
Wu Jian
Yredelemnul

Shops:
D:9 :   D:12 (   Orc:2 ([*=   Vaults:1 [

Portals:
Hell: Depths:1
Ziggurat: Depths:1

Annotations:
D:4 exclusion: 2 goblins
Swamp:1 1 runed translucent door, Vudadgh's ghost, adept HuWr


Innate Abilities, Weirdness & Mutations

You are too large for most types of armour.
You have tough skin. (AC +1)
You are dopey. (Int -2)


Message History

The fire dragon tramples you!
* * * LOW HITPOINT WARNING * * *
Your resistance to cold fades away.
You feel protected from physical attacks.
You hold your ground!
You flatten the fire dragon like a pancake!!!
The fire dragon is heavily wounded.
The fire dragon bites you but does no damage.
The fire dragon claws you.
* * * LOW HITPOINT WARNING * * *
You feel more protected from physical attacks.
The fire dragon tramples you.
* * * LOW HITPOINT WARNING * * *
You feel more protected from physical attacks.
You are shoved backwards!
You are too berserk!
You feel a strong urge to attack something.
There is a stone staircase leading down here.
You feel your anger nearly subside.
You are no longer berserk.
You are exhausted.
You feel yourself slow down.
There is a large open door here.
As you read the scroll of fear, it crumbles to dust.
You assume a fearsome visage.
The fire dragon looks frightened!
The stone giant looks frightened!
The water elemental is unaffected.
The stone giant yells at you, "GO AWAY!"
Cornered, the fire dragon turns to fight!
Okay, then.
Unknown command.
Unknown command.
Press: ? - help, v - describe, . - travel
Here: a fire dragon (heavily wounded)
The floor.
Unknown command.
Unknown command.
Okay, then.
You fade into invisibility!
The fire dragon breathes flames at you. The blast of flame hits you!
You resist.
You die...

### ....≈. ...### ...≈.
......###... ≈≈.........
≈≈≈.......# #########
≈§........# #######.......#
≈≈..≈§§)..########....##...<...#
§...≈.....[CED>.@'..⌠.''./.....#
.........(########....##.<...<.#
..........# #######.......#
########### #########


You could see a fire dragon (unable to see you, catching breath), a stone giant
(unable to see you, fleeing) and a water elemental (unable to see you).

Vanquished Creatures
  The ghost of Zeus21348 the Slayer, a veteran HOFi of Okawaru (Depths:1)
  Arachne (Spider:2)
  Mlioglotl (Spider:3)
  2 liches (Depths:1)
  Gastronok (Lair:3)
  Kirke (Lair:3)
  A tengu reaver (Vaults:4)
  3 thorn hunters
  Roxanne (Swamp:3)
  A frost giant (Depths:1)
  9 vault wardens
  2 fire giants
  2 ghost moths
  5 emperor scorpions
  Aizul (Swamp:4)
  An orc warlord (Orc:2)
  A spectral juggernaut (Depths:1)
  A curse skull (Vaults:2)
  13 ironbound preservers
  3 ghouls (Swamp:1)
  2 war gargoyles (Vaults:2)
  3 stone giants
  4 very ugly things (Depths:1)
  5 ironbound thunderhulks
  3 broodmothers (Spider:2)
  Nessos (Orc:2)
  A deep elf annihilator (Vaults:4)
  An entropy weaver (Lair:2)
  A spark wasp (Spider:3)
  A minotaur (Gauntlet)
  3 eleionomae
  2 bunyips
  6 ettins (Depths:1)
  A spectral golden dragon (Depths:1)
  9 yaktaur captains
  Josephine (D:10)
  Snorg (Orc:2)
  5 great orbs of eyes
  4 fire dragons
  4 vault guards (Vaults:3)
  2 peacekeepers
  A shambling mangrove (Swamp:1)
  3 rakshasas
  A radroach (Spider:3)
  A spectral tengu (Depths:1)
  3 jorogumos
  4 ice dragons
  A spriggan air mage (Depths:1)
  21 hydras
  An ogre mage (D:15)
  7 boulder beetles
  A spectral shadow dragon (Depths:1)
  4 two-headed ogres
  8 ironbound frosthearts
  12 centaur warriors
  A death knight (Vaults:2)
  A juggernaut simulacrum (Depths:1)
  3 catoblepae
  9 alligators
  A deep troll earth mage (Depths:1)
  2 orc high priests
  2 deep troll shamans (Depths:1)
  A spriggan berserker (Depths:1)
  12 death yaks
  5 tengu warriors
  A deep elf knight (D:13)
  2 thrashing horrors (Gauntlet)
  A salamander mystic (Depths:2)
  6 pharaoh ants
  Nergalle (D:12)
  5 sun moths
  2 glowing orange brains
  2 iron trolls (Depths:1)
  6 spriggan druids
  A spriggan simulacrum (Depths:1)
  13 orb spiders
  7 steelbarb worms
  13 swamp dragons
  6 goliath frogs
  40 deep trolls
  8 lindwurms
  5 necromancers
  14 ironbound convokers
  14 wizards
  4 harpies (Vaults:1)
  5 bog bodies
  A sphinx zombie (Vaults:1)
  46 ugly things
  A deep elf pyromancer (D:14)
  3 salamanders (Depths:2)
  9 orc knights
  A shining eye (shapeshifter) (D:14)
  5 manticores
  2 will-o-the-wisps (Swamp:3)
  4 orc sorcerers
  23 wolf spiders
  2 moths of wrath
  11 cyclopes
  4 black mambas
  A fire giant skeleton (Depths:1)
  2 naga magi (D:15)
  12 vault sentinels
  A stone giant skeleton (Depths:1)
  2 centaur skeletons (D:15)
  A molten gargoyle (Volcano)
  8 torpor snails
  A black mamba (shapeshifter) (D:15)
  14 cane toads
  10 demonic crawlers
  4 efreet
  A rime drake (Lair:1)
  9 komodo dragons
  28 yaktaurs
  3 freezing wraiths (D:13)
  A golden dragon simulacrum (Depths:1)
  2 tengu conjurers
  A spectral glowing shapeshifter (Depths:1)
  12 trolls
  A meliai (Spider:4)
  11 tyrant leeches
  6 hornets
  A bloated husk (Swamp:4)
  A tengu simulacrum (Depths:1)
  A shadow dragon simulacrum (Depths:1)
  A spriggan zombie (Depths:1)
  22 tarantellas
  42 blink frogs
  13 slime creatures
  2 iron dragon simulacra (Depths:1)
  A fire giant simulacrum (Vaults:1)
  A human simulacrum (Vaults:1)
  10 dream sheep (Lair:4)
  11 spriggans
  2 water elementals (Depths:1)
  49 yaks
  25 jumping spiders
  30 culicivoras
  A shadow (D:11)
  4 hogs (Lair:3)
  11 small abominations
  7 wraiths
  2 basilisks
  14 vampire mosquitoes
  7 wyverns
  3 large abominations (D:9)
  6 fire elementals (Volcano)
  16 swamp worms
  24 redbacks
  A redback (shapeshifter) (D:14)
  Menkaure (D:6)
  11 wargs
  3 acid dragons
  6 water moccasins
  An ice beast (D:6)
  11 swamp drakes
  A meliai simulacrum (D:13)
  34 orc warriors
  A sky beast (D:6)
  A black bear (Lair:3)
  5 ogres
  6 centaurs
  11 wolves
  A human skeleton (Vaults:1)
  3 kobold brigands
  A phantom (D:4)
  A gnoll sergeant (D:10)
  22 bullfrogs
  3 necrophages
  5 earth elementals (Volcano)
  2 scorpions
  10 wights
  4 killer bees (D:9)
  2 electric eels
  2 howler monkeys
  A hound (D:5)
  5 jellies
  15 orc priests
  A gnoll bouda (D:9)
  6 iguanas
  27 orc wizards
  A boggart skeleton (D:15)
  8 gnolls
  7 adders
  A shadow imp (D:6)
  3 white imps
  An ufetubus (D:6)
  A worm (D:6)
  4 dart slugs
  70 orcs
  3 bats
  14 endoplasms
  4 giant cockroaches
  6 goblins
  5 hobgoblins
  3 jackals (D:4)
  24 kobolds
  3 quokkas
  6 ball pythons
  4 frilled lizards
  5 rats
  A butterfly (Lair:2)
  A fire vortex (Volcano)
1301 creatures vanquished.

Vanquished Creatures (collateral kills)
  A fire giant (Depths:1)
  A war gargoyle (Vaults:1)
  A crystal guardian (Vaults:1)
  An ice dragon (D:14)
  A spriggan berserker (Depths:1)
  A large abomination (D:9)
6 creatures vanquished.

Vanquished Creatures (others)
  A wizard (Vaults:4)
  A spriggan (Swamp:4)
  A redback (Spider:4)
  An orc priest (Orc:2)
  A briar patch (Swamp:4)
  A fire vortex (Volcano)
  8 foxfires (Swamp:3)
  14 fungi
  73 plants
101 creatures vanquished.

Grand Total: 1408 creatures vanquished

Notes
Turn   | Place    | Note
-------+----------+-------------------------------------------
     0 | D:1      | Gabide the Ogre Monk began the quest for the Orb.
     0 | D:1      | Reached XP level 1. HP: 24/24 MP: 1/1
   362 | D:1      | Reached skill level 1 in Maces & Flails
   362 | D:1      | Reached XP level 2. HP: 22/32 MP: 2/2
   781 | D:1      | Found a faded altar of an unknown god.
  1015 | D:1      | Reached XP level 3. HP: 39/39 MP: 3/3
  1815 | D:2      | Reached XP level 4. HP: 48/48 MP: 4/4
  3398 | D:4      | Found a staircase to the Ecumenical Temple.
  3645 | D:4      | Noticed a necrophage
  3658 | D:4      | Killed a necrophage
  3659 | D:4      | Reached XP level 5. HP: 48/55 MP: 5/5
  3715 | D:4      | Found an ancient bone altar of Kikubaaqudgha.
  3725 | D:4      | Reached skill level 5 in Fighting
  4139 | D:4      | Found an iron altar of Okawaru.
  4280 | D:4      | Noticed a phantom
  4298 | D:4      | Killed a phantom
  4299 | D:4      | Reached XP level 6. HP: 46/66 MP: 6/6
  4436 | D:5      | Entered Level 5 of the Dungeon
  4874 | D:5      | Reached XP level 7. HP: 71/75 MP: 7/7
  6094 | D:5      | Reached skill level 5 in Maces & Flails
  6193 | D:6      | Reached skill level 5 in Dodging
  6193 | D:6      | Reached XP level 8. HP: 66/87 MP: 8/8
  6368 | D:6      | Noticed Menkaure
  6373 | D:6      | Killed Menkaure
  7420 | D:7      | Identified the +0 pair of gloves of Gestures {Str+2 Int+4}
  7617 | D:7      | Reached XP level 9. HP: 97/97 MP: 9/9
  7997 | D:7      | You fall into a shaft and drop 1 floor!
  8179 | D:8      | Found a broken altar of Ashenzari.
  8260 | D:7      | Found a blossoming altar of Fedhas.
  8435 | D:8      | Found a burning altar of Makhleb.
  8435 | D:8      | Found a stormy altar of Qazlal.
  8464 | D:8      | Became a worshipper of Qazlal Stormbringer
  8464 | D:8      | Reached * piety under Qazlal
  8464 | D:8      | Reached ** piety under Qazlal
  8627 | D:8      | Reached skill level 10 in Fighting
  9431 | D:9      | Reached skill level 1 in Invocations
  9616 | D:9      | Reached skill level 2 in Invocations
  9625 | D:9      | Reached XP level 10. HP: 79/111 MP: 11/11
  9635 | D:9      | Reached skill level 3 in Invocations
  9649 | D:9      | Reached *** piety under Qazlal
  9920 | D:9      | Reached skill level 4 in Invocations
 10151 | D:9      | Found Efikes's Book Shoppe.
 10235 | D:9      | Noticed a wizard
 10243 | D:9      | Killed a wizard
 10298 | D:9      | Noticed a large abomination
 10855 | D:9      | Reached skill level 5 in Invocations
 11534 | D:9      | HP: 2/114 [large abomination (21)]
 11544 | D:9      | Killed a large abomination
 11832 | D:9      | Reached skill level 6 in Invocations
 12779 | D:10     | Entered Level 10 of the Dungeon
 13151 | D:10     | Found a shimmering blue altar of Sif Muna.
 13155 | D:10     | Found a shadowy altar of Dithmenos.
 13159 | D:10     | Found a hide-covered altar of Uskayaw.
 13232 | D:10     | Found an ornate altar of the Wu Jian Council.
 13293 | D:10     | Noticed Josephine
 13300 | D:10     | Killed Josephine
 13301 | D:10     | Reached XP level 11. HP: 120/123 MP: 14/16
 13321 | D:10     | Reached skill level 7 in Invocations
 13809 | D:10     | Noticed a centaur warrior
 13832 | D:10     | Killed a centaur warrior
 14819 | D:10     | Found a staircase to the Orcish Mines.
 15142 | D:11     | Reached skill level 8 in Invocations
 15233 | D:11     | Noticed a manticore
 15248 | D:11     | Killed a manticore
 15696 | D:11     | Noticed a white ugly thing
 15714 | D:11     | Killed a white ugly thing
 16034 | D:11     | Noticed a cyclops
 16043 | D:11     | Killed a cyclops
 16157 | D:11     | Found a staircase to the Lair.
 16428 | D:11     | Reached skill level 1 in Armour
 16480 | D:11     | Reached skill level 9 in Invocations
 17025 | D:12     | Noticed Nergalle
 17044 | D:12     | Killed Nergalle
 17045 | D:12     | Reached XP level 12. HP: 120/133 MP: 18/18
 17216 | D:12     | Noticed a four-headed hydra
 17235 | D:12     | Killed a four-headed hydra
 17590 | D:12     | Noticed a boulder beetle
 17613 | D:12     | Killed a boulder beetle
 18174 | D:12     | Found Zaley's Weapon Boutique.
 18177 | D:12     | Bought the +3 giant club "Skullcrusher" {speed, Str+7} for
                  | 459 gold pieces
 18177 | D:12     | Found the +3 giant club "Skullcrusher" {speed, Str+7}
 18209 | D:13     | Reached **** piety under Qazlal
 18210 | D:13     | Noticed a centaur warrior
 18215 | D:13     | Noticed a tengu warrior
 18506 | D:12     | Killed a tengu warrior
 18507 | D:12     | Reached skill level 5 in Armour
 18509 | D:12     | Reached skill level 10 in Maces & Flails
 18509 | D:12     | Reached skill level 10 in Dodging
 18718 | D:13     | Killed a centaur warrior
 18719 | D:13     | Reached skill level 1 in Throwing
 18917 | D:13     | Noticed a centaur warrior
 18925 | D:13     | Killed a centaur warrior
 18991 | D:13     | Noticed a boulder beetle
 18995 | D:13     | Killed a boulder beetle
 18997 | D:13     | Noticed a catoblepas
 19011 | D:13     | Killed a catoblepas
 19401 | D:13     | Noticed a two-headed ogre
 19401 | D:13     | Noticed a five-headed hydra
 19412 | D:13     | Reached XP level 13. HP: 60/144 MP: 19/19
 19776 | D:13     | Reached skill level 5 in Throwing
 20161 | D:13     | Noticed a fire dragon
 20168 | D:13     | Killed a fire dragon
 21405 | D:13     | Identified the +8 glaive "Hizeroq" {vorpal, rN+ Int+4
                  | Dex-5}
 21762 | D:14     | Reached skill level 10 in Invocations
 22240 | D:14     | Noticed an ice dragon
 22247 | D:14     | Gained mutation: You are dopey. (Int -2) [a shining eye]
 22251 | D:14     | Killed an ice dragon
 22452 | D:14     | Found a gate to the Vaults.
 22456 | D:14     | Identified the +10 short sword "Icots" {vorpal, rF+}
 22946 | Lair:1   | Entered Level 1 of the Lair of Beasts
 22984 | Lair:1   | You fall into a shaft and drop 1 floor!
 23136 | Lair:2   | Reached XP level 14. HP: 154/154 MP: 22/22
 23186 | Lair:2   | Reached skill level 11 in Invocations
 23369 | Lair:2   | Found a hole to the Spider Nest.
 24322 | Lair:3   | Reached ***** piety under Qazlal
 24578 | Lair:3   | Noticed Kirke
 24598 | Lair:3   | Killed Kirke
 24607 | Lair:3   | Noticed Gastronok
 24616 | Lair:3   | Killed Gastronok
 24842 | Lair:3   | Reached skill level 12 in Invocations
 24998 | Lair:3   | Found a staircase to the Swamp.
 25511 | Lair:4   | Found a staircase to the Slime Pits.
 26136 | Lair:5   | Entered Level 5 of the Lair of Beasts
 26692 | Lair:5   | Reached skill level 15 in Fighting
 27041 | Lair:4   | Reached skill level 13 in Invocations
 27191 | Lair:5   | Identified the +5 quarterstaff "Grim Tooth" {venom, rC+}
 27298 | Lair:5   | Reached XP level 15. HP: 150/167 MP: 24/24
 27965 | Lair:5   | Reached skill level 14 in Invocations
 28018 | Lair:5   | Got the Collected Works on Darkness
 28861 | Lair:1   | Identified a scroll of acquirement
 28865 | Lair:1   | Acquired a ring of see invisible
 29680 | D:15     | Entered Level 15 of the Dungeon
 29726 | D:15     | Found a gate leading to a gauntlet.
 29745 | Gauntlet | Entered a Gauntlet
 29745 | Gauntlet | Found a transporter.
 29745 | Gauntlet | Found a transporter.
 29766 | Gauntlet | Found a transporter.
 29766 | Gauntlet | Found a transporter.
 29780 | Gauntlet | Found a transporter.
 29794 | Gauntlet | Found a transporter.
 29800 | Gauntlet | Found a transporter.
 29800 | Gauntlet | Found a transporter.
 29824 | Gauntlet | Found a transporter.
 29831 | Gauntlet | Found a transporter.
 29843 | Gauntlet | Found a transporter.
 29861 | Gauntlet | Found a transporter.
 29906 | Gauntlet | Found a transporter.
 29922 | Gauntlet | Found a transporter.
 30023 | Gauntlet | Found a transporter.
 30039 | Gauntlet | Found a transporter.
 30200 | Gauntlet | Reached ****** piety under Qazlal
 30333 | Gauntlet | Identified the ring "Odicergh" {rF+ SInv}
 30636 | D:15     | Found a hide-covered altar of Uskayaw.
 30888 | D:15     | Reached skill level 15 in Invocations
 31165 | D:15     | Reached XP level 16. HP: 175/180 MP: 27/27
 31192 | D:15     | Found a staircase to the Depths.
 32005 | Orc:1    | Entered Level 1 of the Orcish Mines
 32952 | Orc:2    | Entered Level 2 of the Orcish Mines
 32998 | Orc:2    | Noticed Nessos
 33001 | Orc:2    | Killed Nessos
 33060 | Orc:2    | Found a dark tunnel.
 33062 | Volcano  | Entered a volcano
 33705 | Orc:2    | Found a staircase to the Elven Halls.
 33769 | Orc:2    | Reached skill level 16 in Invocations
 33780 | Orc:2    | Found Jasoiroi's General Store.
 34134 | Orc:2    | Found Xuohedao's Antique Armour Shop.
 34165 | Orc:2    | Found Daic's Antique Weapon Shop.
 34249 | Orc:2    | Bought a potion of might for 40 gold pieces
 34299 | Orc:2    | Noticed Snorg
 34311 | Orc:2    | Killed Snorg
 34480 | Orc:2    | Found Lamekk's Jewellery Shop.
 34486 | Orc:2    | Bought an amulet of faith for 520 gold pieces
 35003 | Swamp:1  | Entered Level 1 of the Swamp
 35625 | Swamp:1  | Paralysed by a hornet for 2 turns
 36172 | Orc:2    | Bought a ring of poison resistance for 260 gold pieces
 36436 | Swamp:1  | Found a runed translucent door.
 36455 | Swamp:1  | Identified the +9 spear of the Nine Orbs {vorpal, rN+}
 36672 | Swamp:1  | Found a basalt altar of Yredelemnul.
 36704 | Swamp:1  | Noticed Vudadgh's ghost (adept HuWr)
 37999 | Swamp:2  | Noticed a thorn hunter
 38008 | Swamp:2  | Killed a thorn hunter
 38995 | Swamp:3  | Reached XP level 17. HP: 184/192 MP: 29/29
 39620 | Swamp:3  | Reached skill level 17 in Invocations
 40889 | Swamp:3  | Identified Roxanne's Vellum of Sculpting
 40889 | Swamp:3  | Noticed Roxanne
 41126 | Swamp:3  | Killed Roxanne
 41243 | Swamp:4  | Entered Level 4 of the Swamp
 43107 | Swamp:4  | Noticed Aizul
 43118 | Swamp:4  | Killed Aizul
 43334 | Swamp:4  | Reached skill level 18 in Invocations
 43615 | Swamp:4  | Got a decaying rune of Zot
 43827 | Spider:1 | Entered Level 1 of the Spider Nest
 43832 | Spider:1 | Paralysed by a jorogumo for 3 turns
 44546 | Spider:1 | Paralysed by a jorogumo for 2 turns
 45875 | Spider:2 | Reached XP level 18. HP: 184/205 MP: 0/31
 46922 | Spider:3 | Noticed Arachne
 46939 | Spider:2 | Killed Arachne
 47793 | Spider:3 | Noticed Mlioglotl
 47802 | Spider:3 | Killed Mlioglotl
 47803 | Spider:3 | Reached skill level 19 in Invocations
 49010 | Spider:4 | Entered Level 4 of the Spider Nest
 51742 | Spider:4 | Identified the +3 flail of Reason {holy, *Rage rC+ Str+4
                  | Dex+3}
 51980 | Spider:4 | Got a gossamer rune of Zot
 52246 | Vaults:1 | Entered Level 1 of the Vaults
 53044 | Vaults:1 | Reached XP level 19. HP: 176/217 MP: 32/32
 53480 | Vaults:1 | Reached skill level 20 in Invocations
 54423 | Vaults:1 | Identified the +6 long sword of Soft Forgiveness {flame,
                  | Contam Str+4 Dex+2 SInv}
 54454 | Vaults:1 | Found Luimuuxt's Armour Emporium.
 54882 | Vaults:1 | Reached skill level 15 in Dodging
 54910 | Vaults:1 | Reached skill level 15 in Maces & Flails
 57017 | Vaults:2 | Reached skill level 21 in Invocations
 58070 | Vaults:2 | Reached XP level 20. HP: 208/231 MP: 34/34
 59015 | Vaults:2 | Found a staircase to the Crypt.
 61018 | Vaults:4 | Reached skill level 22 in Invocations
 62475 | Depths:1 | Entered Level 1 of the Depths
 63378 | Depths:1 | HP: 8/234 [ettin/+0 great mace (22)]
 63399 | Depths:1 | Reached XP level 21. HP: 19/243 MP: 36/36
 63903 | Depths:1 | Identified the ring of Jeturhar {Fly rPois rN++ Str+3
                  | Dex-4}
 64245 | Depths:1 | Found a gateway to Hell.
 64539 | Depths:1 | Found a runed translucent gate.
 64539 | Depths:1 | Found a runed translucent gate.
 64540 | Depths:1 | Found a runed translucent gate.
 64540 | Depths:1 | Noticed Zeus21348's ghost (veteran HOFi)
 64783 | Depths:1 | Found a one-way gateway to a ziggurat.
 65177 | Depths:1 | Killed Zeus21348's ghost
 65755 | Depths:2 | HP: 16/354 [fire dragon (4)]
 65761 | Depths:2 | Killed from afar by a fire dragon

Illustrated notes

Levels and vault maps discovered:
D:1:      lightli_arrival_lavapool, layout_loops_corners,
          nicolae_ecumenical_snake_handling
D:2:      minmay_chambers_of_ones, layout_basic, minmay_misc_feat_columns
D:3:      layout_basic, minmay_fountain_box
D:4:      layout_loops_ring, kennysheep_okawaru_gauntlet,
          kiku_gazebo_pond_becter, minmay_temple_entry_statues_pillars,
          minmay_misc_feat_four_crosses
D:5:      layout_loops_cross, chequers_serial_rivers_large_a
D:6:      layout_loops_ring, cheibrodos_sewer_entry_bend, grunt_ministairs_14,
          uniq_menkaure
D:7:      layout_basic, lemuel_crystal_altar
D:8:      layout_rooms, mainiacjoe_overflow_alcove_2,
          gammafunk_temple_overflow_wave
D:9:      layout_loops_ring, serial_shops, shop_fountains, laboratory
D:10:     layout_loops_cross, grunt_temple_overflow_diamond,
          mainiacjoe_overflow_24_doors, david_orc_4, uniq_josephine
D:11:     layout_loops_ring, lair_entry_dummy
D:12:     layout_small_grid, serial_shops, kennysheep_mini_moat, uniq_nergalle
D:13:     minmay_swirls_squares, layout_basic
D:14:     layout_cave_pods, david_vaults_4, minivault_25, serial_glass,
          glass_columns_c, glass_columns_a
D:15:     grunt_enter_depths_magical_seal, layout_gridville,
          gauntlet_entry_generic, minmay_misc_feat_ornament, minmay_door_square,
          dancing_weapons_uskayaw
Lair:1:   layout_chaotic_city, cheibrodos_lair_reptile_den,
          infiniplex_staircase_pool_2
Lair:2:   layout_cave_pods, dummy_spider_entry, grunt_forest_large_clearing_hut,
          lemuel_fruit_fields, lemuel_fruit_fields, infiniplex_staircase_pool
Lair:3:   layout_gridlike, nicolae_swamp_entry_splash_gauntlet,
          grunt_megastairs_2, uniq_kirke, uniq_gastronok
Lair:4:   layout_misc_corridors, nicolae_slime_entry_slimehenge, st_stairs_10,
          minivault_19
Lair:5:   minmay_lair_end_frog_pond, layout_big_grid
Swamp:1:  layout_basic_swamp, ebering_ghost_funeral_grove, serial_swamp_ruin,
          evilmike_swamp_ruin_rubble_1, evilmike_swamp_ruin_rubble_2,
          evilmike_swamp_ruin_wall, swamp_pool5,
          nicolae_swamp_feature_on_the_river_bank
Swamp:2:  layout_falls_marsh, evilmike_swamp_ruin_house_4
Swamp:3:  layout_basic_swamp, evilmike_swamp_ruin_house_2, swamp_pool2,
          uniq_roxanne
Swamp:4:  swamp_alternative, layout_basic_swamp, swamp_pool5, uniq_aizul
Spider:1: layout_spider_delve, nicolae_spider_webs_and_nodes
Spider:2: layout_spider_delve, hangedman_spider_tarantella_strand
Spider:3: layout_cave_pods, uniq_arachne, uniq_mlioglotl
Spider:4: grunt_spider_rune_island
Orc:1:    cheibrodos_orc_guarddog, layout_diamond_mine
Orc:2:    grunt_orc_cross, layout_diamond_mine, enter_volcano_1, uniq_nessos,
          uniq_snorg
Vaults:1: nicolae_vaults_disjoint_gnomons, nicolae_vaults_alarming, v_rooms_4,
          v_misc_10, nicolae_vaults_network_periphery, vaults_room_pools,
          grunt_vaults_hallway_long, grunt_vaults_swirl,
          nicolae_vaults_ring_of_whatevers, vaults_dpeg_emergency_exit,
          nicolae_vaults_asterisk, layout_vaults_omnicross, serial_shops, shop
Vaults:2: st_cross, v_pattern_1, vaults_dpeg_encased_lava,
          vaults_mumra_chevron_long, minmay_crypt_entry_simple_walls,
          hangedman_vaults_pinch, nicolae_vaults_three_branches, v_misc_26,
          v_misc_25, v_misc_24, nicolae_vaults_circle_grid_a,
          hangedman_vaults_cutoff, vaults_room_hallway,
          nicolae_vaults_mini_display_case, v_misc_23,
          nicolae_vaults_specimen_jars, layout_vaults_omnibox
Vaults:3: v_misc_26, vaults_room_semicircle, vaults_mumra_lcd,
          vaults_dpeg_diagonal, nicolae_vaults_shelves_hall,
          nicolae_vaults_asterisk, layout_vaults_omnigrid
Vaults:4: v_misc_14, vaults_mumra_minichess, ontoclasm_vaults_idyll,
          nicolae_vaults_angled_halls, v_misc_23, hangedman_vaults_unwind,
          nicolae_vaults_yaktaur_gun_rack, layout_vaults_chaotic_city
Depths:1: layout_basic, enter_ziggurat_f, gammafunk_ghost_necromancy,
          pf_coc_iceberg, drop_trap, fountainhead,
          minmay_hollow_rounded_squares, serial_bayou_shore_b,
          serial_bayou_shore_b
Depths:2: box_level_dp, pan_entry, hell_entry

Skill      XL: |  1  2  3  4  5  6  7  8  9 10 11 12 13 14 15 16 17 18 19 20 |
---------------+-------------------------------------------------------------+-----
Maces & Flails | 1 2 3 4 5 6 7 8 9 10 11 12 13 14 15 16 | 16.3
Dodging        | 3 4 5 6 7 8 9 10 11 12 13 14 15 16 | 16.3
Fighting       | 5 6 7 8 10 11 12 13 15 16 17 18 19 20 21 | 21.8
Invocations    | 2 6 9 10 13 15 16 18 19 21 22 | 22.9
Armour         | 2 6 7 |  7.0
Throwing       | 4 7 |  7.0
Polearms       | |  3.0
Stealth        | |  1.4

Action                   |  1- 3 |  4- 6 |  7- 9 | 10-12 | 13-15 | 16-18 | 19-21 || total
-------------------------+-------+-------+-------+-------+-------+-------+-------++-------
Melee: Whip              |    71 |   144 |   276 |   612 |       |       |       ||  1103
       Spear             |     9 |       |       |       |       |       |       ||     9
       Punch             |     1 |       |     1 |    10 |       |       |       ||    12
       Giant club        |       |       |       |    61 |   835 |  1246 |   909 ||  3051
       Unarmed           |       |       |       |       |     3 |       |       ||     3
Throw: Dart              |     4 |       |     2 |    12 |       |       |       ||    18
       Large rock        |       |       |    11 |    26 |   112 |   382 |   245 ||   776
       Javelin           |       |       |       |       |       |     6 |       ||     6
Invok: Upheaval          |       |       |       |     3 |     1 |     6 |     3 ||    13
       Elemental Force   |       |       |       |       |     1 |       |       ||     1
       Disaster Area     |       |       |       |       |     1 |     9 |     1 ||    11
Evoke: Wand              |       |       |       |     2 |       |       |     1 ||     3
       Box of beasts     |       |       |       |     1 |       |       |       ||     1
  Use: Scroll            |       |     7 |    11 |    16 |    14 |    18 |     8 ||    74
       Potion            |       |       |       |     3 |     1 |    12 |     8 ||    24
 Stab: Sleeping          |     3 |     5 |     3 |       |       |       |       ||    11
       Petrified         |       |       |       |       |     2 |       |       ||     2
Armor: Robe              |    27 |    22 |    54 |    56 |       |       |       ||   159
       Acid dragon scale |       |       |       |    85 |   255 |   755 |   229 ||  1324
Dodge: Dodged            |    30 |    62 |   134 |   291 |   481 |  1076 |   416 ||  2490
       Repelled          |       |       |       |     3 |     5 |    23 |     6 ||    37
Block: Other             |       |       |    10 |   100 |   207 |   509 |   186 ||  1012
